 Dungeon Crawl Stone Soup version 0.30-a0-802-gb92711bcdf (webtiles) character file.

Game seed: 2129190193660906127

31994 Orangeyouglad the Unseen (level 13, -4/74 HPs)
             Began as a Vampire Enchanter on Feb 23, 2023.
             Was a High Priest of Ru.
             Slain by a five-headed hydra (17 damage)
             ... on level 4 of the Lair of Beasts on Feb 24, 2023.
             The game lasted 01:11:17 (18705 turns).

Orangeyouglad the Unseen (Vampire Enchanter)       Turns: 18705, Time: 01:11:18

Health: -4/74      AC: 12    Str:  7    XL:     13   Next: 29%
Magic:  0/20       EV: 18    Int: 27    God:    Ru [*****.]
Gold:   961        SH:  0    Dex: 16    Spells: 3/22 levels left

rFire   . . .      SeeInvis +    A - +4 dagger (elec)
rCold   + + +      Faith    .    k - orb {mayhem}
rNeg    + + +      Spirit   +    Z - +2 leather armour {rC+}
rPois   ∞          Reflect  .    g - +0 helmet
rElec   .          Harm     .    i - +2 cloak
rCorr   +          Rampage  .    T - +2 pair of gloves of Gilellau {rC+ Int+6}
Will    +....                    (no boots)
Stlth   ++++++++                 r - amulet of guardian spirit
HPRegen 0.32/turn                w - ring of resist corrosion
MPRegen 0.17/turn                K - ring of wizardry

@: bloodless, hasted, unable to read, very quick
A: bloodless, fangs 3, see invisible, inability to read after injury 2, hated by
all, cowardly, disrupted magic 1, vampiric 2
a: Bat Form, Revivify, Renounce Religion, Draw Out Power, Power Leap, Apocalypse


You were on level 4 of the Lair of Beasts.
You worshipped Ru.
Ru was extremely pleased with you.
You visited 3 branches of the dungeon, and saw 17 of its levels.
You also visited: Bailey and Gauntlet.

You collected 961 gold pieces.

Inventory:

Hand Weapons
 a - a +1 vampiric rapier
 A - a +4 dagger of electrocution (weapon)
 V - a +3 short sword
Missiles
 h - 2 atropa-tipped darts
 x - 29 poisoned darts
 E - 2 throwing nets
 N - a silver boomerang (quivered)
 W - 5 silver javelins
Armour
 g - a +0 helmet (worn)
 i - a +2 cloak (worn)
 k - an orb of mayhem (worn)
 T - the +2 pair of gloves of Gilellau (worn) {rC+ Int+6}
   (You found it in a Gauntlet)

   Int:       It affects your intelligence (+6).
   rC:        It protects you from cold.
 Z - a +2 leather armour of cold resistance (worn)
Jewellery
 b - a ring of ice
 q - an amulet of the acrobat
 r - an amulet of guardian spirit (around neck)
 w - a ring of resist corrosion (left hand)
 K - a ring of wizardry (right hand)
 P - a ring of protection from cold
Wands
 B - a wand of flame (10)
 S - a wand of digging (17)
Scrolls
 d - 6 scrolls of poison
 e - a scroll of identify
 f - 4 scrolls of fog
 n - a scroll of silence {unknown}
 s - 7 scrolls of teleportation
 u - 2 scrolls of brand weapon
 v - 4 scrolls of fear
 z - 2 scrolls of amnesia
 G - 2 scrolls of blinking
 O - 2 scrolls of immolation {unknown}
 Q - 2 scrolls of magic mapping {unknown}
 X - a scroll of enchant weapon
Potions
 c - 4 potions of invisibility
 j - 5 potions of flight
 l - 2 potions of lignification
 m - 2 potions of resistance
 o - 2 potions of brilliance
 p - 2 potions of curing
 t - 3 potions of haste
 C - 5 potions of attraction {unknown}
 D - 4 potions of mutation {unknown}
 F - 5 potions of might
 H - 5 potions of heal wounds {unknown}
 I - 2 potions of cancellation {unknown}
 J - 3 potions of magic {unknown}
 M - a potion of ambrosia {unknown}
 R - 2 potions of berserk rage {unknown}
 U - a potion of degeneration {unknown}
Miscellaneous
 Y - a piece from Xom's chessboard (15/15)


   Skills:
 + Level 6.1 Fighting
 - Level 10.0 Short Blades
 + Level 12.4 Dodging
 + Level 15.0 Stealth
 - Level 5.0 Spellcasting
 - Level 11.1 Hexes
 + Level 4.8 Necromancy
 - Level 6.9 Transmutations
 - Level 3.1 Ice Magic
 - Level 4.0 Air Magic
 + Level 6.1 Earth Magic


You had 3 spell levels left.
You knew the following spells:

 Your Spells              Type           Power      Damage    Failure   Level
a - Ensorcelled Hibernat  Hex/Ice        90%        N/A       1%          2
b - Confusing Touch       Hex            61%        N/A       1%          3
c - Cause Fear            Hex            30%        N/A       1%          4
d - Passwall              Tmut/Erth      35%        N/A       1%          2
e - Swiftness             Air            28%        N/A       4%          3
f - Borgnjor's Vile Clut  Necr/Erth      18%        N/A       16%         5

Your spell library contained the following spells:

 Spells                   Type           Power      Damage    Failure   Level
 Dazzling Flash           Conj/Hex       72%        N/A       2%          3
 Portal Projectile        Hex/Tloc       72%        N/A       2%          3
 Shock                    Conj/Air       68%        1d7       3%          1
 Hailstorm                Conj/Ice       15%        3d5       10%         3
 Kindle Blastsparks       Fire/Tloc/Air  28%        2d12      11%         3
 Fulminant Prism          Conj/Hex       18%        3d11      6%          4
 Ice Form                 Ice/Tmut       34%        N/A       9%          4
 Blade Hands              Tmut           22%        N/A       10%         5
 Airstrike                Air            14%        2d(2-18)  12%         4
 Lee's Rapid Deconstruct  Erth           19%        3d11*     13%         5
 Alistair's Intoxication  Tmut/Pois      16%        N/A       34%         5
 Iskenderun's Mystic Bla  Conj/Tloc      6%         2d4       45%         4
 Eringya's Noxious Bog    Tmut/Pois      12%        N/A       86%         6
 Dragon Form              Tmut           22%        N/A       91%         7
 Tukima's Dance           Hex            Unusable   N/A       N/A         3
 Simulacrum               Ice/Necr       Unusable   N/A       N/A         6
 Dragon's Call            Summ           Unusable   N/A       N/A         9

Dungeon Overview and Level Annotations

Branches:
Dungeon (12/15)            Temple (1/1) D:4            Lair (4/5) D:11
  Swamp (0/4) Lair:2       Spider (0/4) Lair:2          Orc (0/2) D:10
 Bailey (visited)         Gauntlet (visited)
  Slime: Lair:4-5

Altars:
Ashenzari
Cheibriados
Dithmenos
Gozag
Kikubaaqudgha
Makhleb
Nemelex Xobeh
Okawaru
Qazlal
Ru
Sif Muna
Trog
Uskayaw
Vehumet
Wu Jian
Xom

Shops:
D:2 (

Annotations:
D:4 1 runed translucent door, valliere's ghost, amateur MfTm
D:10 1 runed translucent door


Innate Abilities, Weirdness & Mutations

You do not regenerate when monsters are visible.
You are frail without blood (-20% HP).
You can heal yourself when you bite living creatures.
You are immune to poison.
You have razor-sharp teeth.
You have supernaturally acute eyesight. (SInv)
You sometimes lose the ability to read scrolls when taking damage.
You are hated by all.
Your cowardice makes you less effective in combat with threatening foes.
Your casting is slightly disrupted.
You are afflicted with vampirism and can become a bat while bloodless.


Message History

Your hands begin to glow brighter.
The elephant tramples you but does no damage.
The elephant closely misses you.
You hit the elephant but do no damage.
The elephant appears confused.
The five-headed hydra barely misses you.
The five-headed hydra closely misses you.
The five-headed hydra bites you.
The five-headed hydra bites you but does no damage.
The five-headed hydra bites you!
You barely miss the elephant.
You catch the helpless elephant completely off-guard!
You bite the elephant, and draw its blood!
You feel better.
You spit the elephant like a pig!!!
You bite the elephant, but do no damage.
The elephant is severely wounded.
The five-headed hydra bites you.
The five-headed hydra closely misses you.
The five-headed hydra bites you.
The five-headed hydra barely misses you.
The five-headed hydra bites you.
You hit the elephant.
The elephant is severely wounded.
The elephant is no longer moving slowly.
You hit the elephant.
Lightning courses through the elephant!!
You bite the elephant, but do no damage.
The elephant is almost dead.
The five-headed hydra is stunned by your conviction and fails to attack.
You catch the helpless elephant completely off-guard!
You bite the elephant, and draw its blood!
You feel better.
You perforate the elephant like a sieve!!!
You kill the elephant!
The five-headed hydra flies into a frenzy!
The five-headed hydra bites you! x3
* * * LOW HITPOINT WARNING * * *
The five-headed hydra misses you.
The five-headed hydra closely misses you.
You feel yourself speed up. The five-headed hydra bites you!!
You die...

#...............#
##.###.[####...#....... ####
####...#...# ##...##......
...#####<.........###..†.# ##....
...#.P#†..#.......##.....# ...
......P...#........#.#...## ..
..................###.....# .
.................D###....P#
................@........##
..#.#.##).#......#..#....# #
..########.......###.....##P###..
### ###...### ##............ #
#...# #.#.#######.## #### #####


You could see a neutral five-headed hydra (fast, strong, insane).

Vanquished Creatures
  A minotaur (Gauntlet)
  A blizzard demon (Gauntlet)
  A boulder beetle (D:11)
  Erica (Lair:2)
  3 two-headed ogres
  A skyshark (Lair:3)
  A pharaoh ant (Lair:2)
  Pikel (D:6)
  An orc knight (Bailey)
  A moth of wrath (Gauntlet)
  A manticore (D:11)
  6 elephants
  2 black mambas
  Maurice (D:8)
  3 cane toads
  A minotaur zombie (Gauntlet)
  A rime drake (Lair:2)
  4 komodo dragons
  An ice devil (Gauntlet)
  6 trolls
  Grinder (D:5)
  3 polar bears
  A tarantella (Lair:2)
  Prince Ribbit (D:6)
  A hornet (D:7)
  6 blink frogs
  24 yaks
  2 jumping spiders (Lair:2)
  A wraith (D:10)
  4 wyverns
  A spectral komodo dragon (Lair:2)
  2 chaos spawn (Gauntlet)
  A steam dragon (Lair:2)
  4 vampire mosquitoes (D:10)
  Menkaure (D:5)
  An acid dragon (D:10)
  11 water moccasins
  Duvessa (D:6)
  2 ice beasts
  4 orc warriors
  2 sky beasts
  2 black bears
  4 wolves (Gauntlet)
  9 centaurs
  A lemure (D:5)
  A kobold brigand (D:8)
  13 bullfrogs
  A gnoll sergeant (D:9)
  A necrophage (D:4)
  5 scorpions
  Dowan (D:6)
  A killer bee (D:8)
  A howler monkey (D:8)
  11 orc priests
  A jelly (D:5)
  4 iguanas
  3 hell rats (Lair:2)
  A gnoll bouda (D:9)
  9 orc wizards
  14 gnolls
  2 adders
  A shadow imp (D:5)
  6 worms
  3 dart slugs
  48 orcs
  2 endoplasms
  5 giant cockroaches
  6 goblins
  4 hobgoblins
  7 quokkas
  6 ball pythons
  7 bats
  5 frilled lizards
  12 kobolds
  3 rats
  3 butterflies (D:10)
315 creatures vanquished.

Vanquished Creatures (collateral kills)
  2 blink frogs (Lair:4)
  2 yaks (D:11)
  A neqoxec (Gauntlet)
  A chaos spawn (Gauntlet)
  A vampire mosquito (D:10)
  A kobold brigand (D:9)
  A scorpion (D:10)
  An orc priest (D:9)
  3 gnolls (D:9)
  5 orcs
  2 kobolds (D:9)
20 creatures vanquished.

Vanquished Creatures (others)
  A yak (Lair:3)
  A scorpion (D:10)
  2 killer bees (D:8)
  A white imp (Gauntlet)
  3 orcs
  A giant cockroach (D:10)
  A bush (Lair:2)
  60 fungi
  56 plants
126 creatures vanquished.

Grand Total: 461 creatures vanquished

Notes
Turn   | Place    | Note
-------+----------+-------------------------------------------
     0 | D:1      | Orangeyouglad the Vampire Enchanter began the quest for the
                  | Orb.
     0 | D:1      | Reached XP level 1. HP: 13/13 MP: 3/3
   168 | D:1      | Found a faded altar of an unknown god.
   465 | D:1      | Reached XP level 2. HP: 13/19 MP: 5/5
  1064 | D:1      | Learned a level 2 spell: Ensorcelled Hibernation
  1140 | D:2      | Gained mutation: You are afflicted with vampirism and can
                  | become a bat while bloodless. [Vampire growth]
  1140 | D:2      | Reached XP level 3. HP: 12/24 MP: 6/6
  1235 | D:2      | Reached skill level 5 in Stealth
  1259 | D:2      | Found Ebuabag's Antique Weapon Boutique.
  1885 | D:3      | Reached skill level 5 in Hexes
  2074 | D:3      | Learned a level 3 spell: Confusing Touch
  2185 | D:3      | Reached XP level 4. HP: 30/30 MP: 4/7
  2339 | D:3      | Found a hazy altar of Hepliaklqana.
  2971 | D:4      | Found a runed translucent door.
  2971 | D:4      | Noticed valliere's ghost (amateur MfTm)
  3108 | D:4      | Reached XP level 5. HP: 35/35 MP: 6/9
  3157 | D:4      | Learned a level 3 spell: Tukima's Dance
  3340 | D:4      | Found a sacrificial altar of Ru.
  3364 | D:4      | Reached skill level 6 in Stealth
  3380 | D:4      | Became a worshipper of Ru the Awakened
  3569 | D:4      | Found a staircase to the Ecumenical Temple.
  3582 | Temple   | Entered the Ecumenical Temple
  3661 | D:4      | Found a stormy altar of Qazlal.
  3808 | D:5      | Entered Level 5 of the Dungeon
  3823 | D:5      | Reached XP level 6. HP: 38/41 MP: 7/10
  4184 | D:5      | Found a shimmering blue altar of Sif Muna.
  4213 | D:5      | Noticed Grinder
  4235 | D:5      | Paralysed by Grinder for 2 turns
  4252 | D:5      | Killed Grinder
  4253 | D:5      | Reached XP level 7. HP: 12/36 MP: 4/12
  4351 | D:5      | Noticed Menkaure
  4514 | D:5      | Killed Menkaure
  4515 | D:5      | Reached skill level 7 in Stealth
  4649 | D:6      | Noticed Duvessa
  4693 | D:6      | Found a shadowy altar of Dithmenos.
  4693 | D:6      | Found an ornate altar of the Wu Jian Council.
  4728 | D:6      | Gained mutation: You occasionally lose the ability to read
                  | scrolls when taking damage. [Ru sacrifice]
  4728 | D:6      | Gained mutation: You sometimes lose the ability to read
                  | scrolls when taking damage. [Ru sacrifice]
  4728 | D:6      | Reached * piety under Ru
  4874 | D:6      | Noticed Dowan
  4977 | D:6      | Noticed Pikel
  5301 | D:6      | Killed Duvessa
  5440 | D:6      | Killed Pikel
  5441 | D:6      | Reached skill level 5 in Short Blades
  5441 | D:6      | Reached skill level 5 in Dodging
  5441 | D:6      | Reached skill level 8 in Stealth
  5441 | D:6      | Reached XP level 8. HP: 41/41 MP: 2/15
  5543 | D:6      | Learned a level 2 spell: Passwall
  5738 | D:6      | Noticed Prince Ribbit
  5745 | D:6      | Killed Prince Ribbit
  5746 | D:6      | Reached skill level 9 in Stealth
  5879 | D:6      | Killed Dowan
  5880 | D:6      | Reached skill level 5 in Spellcasting
  5939 | D:7      | Reached skill level 1 in Earth Magic
  5939 | D:7      | Reached XP level 9. HP: 45/45 MP: 16/16
  6060 | D:7      | Found a broken altar of Ashenzari.
  6145 | D:7      | Found a flagged portal.
  6202 | Bailey   | Entered a bailey
  6411 | Bailey   | Reached skill level 10 in Stealth
  6450 | Bailey   | Noticed an orc knight
  6479 | Bailey   | Killed an orc knight
  6545 | Bailey   | Reached skill level 5 in Fighting
  6545 | Bailey   | Reached skill level 5 in Earth Magic
  6545 | Bailey   | Reached XP level 10. HP: 59/59 MP: 17/17
  7046 | D:8      | Gained mutation: Your casting is slightly disrupted. [Ru
                  | sacrifice]
  7046 | D:8      | Reached ** piety under Ru
  7382 | D:8      | Noticed Maurice
  7402 | D:8      | Killed Maurice
  7403 | D:8      | Reached skill level 10 in Hexes
  7812 | D:8      | You fall into a shaft and drop 3 floors!
  7826 | D:11     | Noticed a boulder beetle
  7855 | D:11     | Reached skill level 5 in Transmutations
  7884 | D:10     | Entered Level 10 of the Dungeon
  8137 | D:9      | Reached XP level 11. HP: 61/64 MP: 16/18
  8262 | D:9      | Learned a level 3 spell: Swiftness
  8308 | D:9      | Noticed a two-headed ogre
  8318 | D:9      | Killed a two-headed ogre
  8319 | D:9      | Reached skill level 10 in Dodging
  8319 | D:9      | Reached skill level 11 in Stealth
  8367 | D:9      | Reached skill level 1 in Air Magic
  9075 | D:10     | Noticed a two-headed ogre
  9079 | D:10     | Killed a two-headed ogre
  9213 | D:10     | Gained mutation: You are hated by all. [Ru sacrifice]
  9213 | D:10     | Reached *** piety under Ru
  9213 | D:10     | Reached **** piety under Ru
  9329 | D:10     | Found a runed translucent door.
  9330 | D:10     | Found a runed translucent door.
  9552 | D:10     | Found a staircase to the Orcish Mines.
  9554 | D:10     | Noticed an orc knight
  9566 | D:10     | an orc knight changed into a wyvern
 10338 | D:10     | Reached skill level 12 in Stealth
 11167 | D:11     | HP: 3/64 [troll (4)]
 11293 | D:11     | Found a staircase to the Lair.
 11466 | D:11     | Killed a boulder beetle
 11560 | D:11     | Noticed a two-headed ogre
 11573 | D:11     | Killed a two-headed ogre
 12270 | D:11     | Reached XP level 12. HP: 68/68 MP: 19/19
 12448 | Lair:1   | Entered Level 1 of the Lair of Beasts
 12807 | Lair:1   | Reached skill level 13 in Stealth
 13502 | Lair:1   | Learned a level 4 spell: Cause Fear
 13827 | Lair:2   | Found a hole to the Spider Nest.
 14324 | Lair:1   | Learned a level 5 spell: Borgnjor's Vile Clutch
 14484 | Lair:2   | Found a bloodstained altar of Trog.
 14494 | Lair:2   | Reached skill level 1 in Necromancy
 14599 | Lair:2   | Reached skill level 1 in Ice Magic
 15421 | Lair:2   | Reached skill level 14 in Stealth
 16103 | Lair:2   | Noticed Erica
 16124 | Lair:2   | Killed Erica
 16301 | Lair:2   | Found a staircase to the Swamp.
 16301 | Lair:2   | Noticed a ghost crab
 16543 | Lair:3   | Found a gate leading to a gauntlet.
 16687 | Gauntlet | Entered a Gauntlet
 16687 | Gauntlet | Found a transporter.
 16687 | Gauntlet | Found a transporter.
 16695 | Gauntlet | Found a transporter.
 16695 | Gauntlet | Found a transporter.
 16695 | Gauntlet | Found a transporter.
 16729 | Gauntlet | Found a runed translucent door.
 16876 | Gauntlet | Identified the +0 pair of gloves of Ghostly Wonder {Harm
                  | Fly rF- Will+}
 16892 | Gauntlet | Found a runed translucent door.
 16896 | Gauntlet | Found a runed translucent door.
 16897 | Gauntlet | Found a transporter.
 16902 | Gauntlet | Found a transporter.
 16902 | Gauntlet | Found a transporter.
 16906 | Gauntlet | Found a transporter.
 16906 | Gauntlet | Found a transporter.
 17041 | Gauntlet | Noticed a blizzard demon
 17042 | Gauntlet | Noticed a death yak
 17043 | Gauntlet | Noticed a death yak
 17044 | Gauntlet | Noticed a death yak
 17044 | Gauntlet | Noticed a death yak
 17047 | Gauntlet | Found a transporter.
 17048 | Gauntlet | Found a transporter.
 17103 | Gauntlet | Killed a blizzard demon
 17218 | Gauntlet | Identified the +2 pair of gloves of Gilellau {rC+ Int+6}
 17252 | Gauntlet | Reached XP level 13. HP: 44/74 MP: 10/20
 17325 | Gauntlet | Noticed a minotaur
 17363 | Gauntlet | Killed a minotaur
 17364 | Gauntlet | Reached skill level 10 in Short Blades
 18498 | Lair:4   | Found the +8 demon blade "Leech" {evervamp, Harm Drain rN+}
 18581 | Lair:4   | Gained mutation: Your cowardice makes you less effective in
                  | combat with threatening foes. [Ru sacrifice]
 18581 | Lair:4   | Reached ***** piety under Ru
 18652 | Lair:4   | Reached skill level 15 in Stealth
 18705 | Lair:4   | Slain by a five-headed hydra

Illustrated notes

Levels and vault maps discovered:
D:1:      dpeg_arrival_water_fire, layout_basic,
          shapermc_ecumenical_altar_mp_urbaneastern
D:2:      layout_rooms, serial_shops, shop_fountains, minmay_misc_feat_doors,
          nicolae_figureground_sparkle
D:3:      minmay_evil_eye, layout_loops_corners, mainiacjoe_overflow_paths
D:4:      layout_loops_ring, nicolae_ru_sacrificial_ziggurat,
          nicolae_qazlal_eye_of_the_storm, minmay_temple_entry_proselytizer,
          hellmonk_ghost_happy_afterlife
D:5:      layout_cave_pools, led_sif_book, kennysheep_pointless_box,
          uniq_grinder, uniq_menkaure
D:6:      layout_gridville, nicolae_overflow_two_pavilions, uniq_duvessa,
          uniq_prince_ribbit1, uniq_pikel
D:7:      layout_gridville, dreamdust_divine_triumvirate,
          cheibrodos_ashenzari_chains, enter_bailey_2, minivault_11
D:8:      layout_loops_ring, minmay_quadrilaterals, uniq_maurice
D:9:      layout_irregular_city
D:10:     lemuel_insect_pit, layout_loops_ring, yredelemnul_altar_generic,
          david_orc_5, serial_co_window_serial, co_window_corner_a,
          co_window_of_opportunity_a, co_window_paths_a, co_window_paths_a,
          co_window_of_opportunity_a, co_window_paths_b, co_window_paths_b,
          co_window_paths_a, co_window_of_opportunity_a,
          co_window_unsneaky_path_b, co_window_broadway_a, co_window_2corner,
          co_window_4corner_b, glass_columns_a, glass_columns_a,
          glass_columns_a, glass_columns_b, glass_columns_a
D:11:     layout_stronghold, due_lair_maze_entry_diamond,
          portal_ice_cave_entry_pillars_2
D:12:     regret_index_wax_grids, layout_loops_ring, grunt_dithmenos_shadows
Temple:   minmay_freezing_vapour_temple
Lair:1:   layout_roguey, lemuel_centaur_altar
Lair:2:   layout_loops_ring, nicolae_swamp_entry_spooky,
          nicolae_spider_entry_lesser_pyramids, basic_altar, uniq_erica
Lair:3:   layout_small_grid, serial_rivers, chequers_serial_rivers_small_a,
          chequers_serial_rivers_large_a, chequers_serial_rivers_small_3,
          chequers_serial_rivers_micro_d, chequers_serial_rivers_room_a,
          gauntlet_entry_generic, nicolae_lair_lil_pond
Lair:4:   lemuel_reptile_caves, layout_gridlike, nicolae_quartered_pool_medium,
          kilobyte_rumbling_trees

Skill      XL: |  1  2  3  4  5  6  7  8  9 10 11 12 13 |
---------------+----------------------------------------+-----
Stealth        | 5 6 8 9 10 12 14 15 | 15.0
Short Blades   | 2 3 5 6 7 8 9 10 | 10.0
Hexes          | 5 6 8 9 10 11 | 11.1
Dodging        | 3 4 5 6 9 11 12 | 12.4
Spellcasting   | 3 4 5 |  5.0
Earth Magic    | 1 5 6 |  6.1
Fighting       | 5 6 |  6.1
Transmutations | 4 5 6 |  6.9
Air Magic      | 4 |  4.0
Necromancy     | 3 4 |  4.8
Ice Magic      | 3 |  3.1

Action                     |  1- 3 |  4- 6 |  7- 9 | 10-12 | 13-15 || total
---------------------------+-------+-------+-------+-------+-------++-------
  Melee: Whip              |    99 |       |       |       |       ||    99
         Bite              |    17 |    16 |     3 |    80 |    18 ||   134
         Dagger            |    68 |   100 |    92 |   592 |    88 ||   940
         Punch             |     1 |     3 |     1 |     6 |       ||    11
  Throw: Boomerang         |     3 |     3 |       |     7 |       ||    13
         Dart              |     1 |     5 |       |       |       ||     6
   Cast: Ensorcelled Hiber |     2 |    11 |    21 |    71 |    10 ||   115
         Confusing Touch   |       |     4 |     2 |    44 |     8 ||    58
         Tukima's Dance    |       |       |       |     2 |       ||     2
         Swiftness         |       |       |       |     1 |       ||     1
         Cause Fear        |       |       |       |     2 |     3 ||     5
 Invoke: Sacrifice Words   |       |       |     1 |       |       ||     1
         Sacrifice Essence |       |       |       |     1 |       ||     1
         Sacrifice Love    |       |       |       |     1 |       ||     1
         Draw Out Power    |       |       |       |     1 |       ||     1
         Reject Sacrifices |       |       |       |     1 |       ||     1
         Sacrifice Courage |       |       |       |       |     1 ||     1
Ability: Exsanguinate      |       |     1 |       |       |       ||     1
  Evoke: Wand              |       |     2 |     5 |    36 |       ||    43
    Use: Scroll            |       |     6 |     6 |    10 |       ||    22
         Potion            |       |     1 |     2 |     5 |     2 ||    10
   Stab: Sleeping          |     7 |    13 |    36 |    70 |    12 ||   138
         Distracted        |     1 |       |       |     5 |     2 ||     8
         Confused          |       |     3 |     2 |    32 |     7 ||    44
         Invisible         |       |       |       |     6 |       ||     6
         Paralysed         |       |       |       |     1 |       ||     1
 Armour: Robe              |    43 |     9 |     8 |     9 |       ||    69
         Troll leather arm |       |       |       |    51 |     1 ||    52
         Leather armour    |       |       |       |       |    14 ||    14
  Dodge: Dodged            |   125 |    41 |    67 |   411 |    40 ||   684

Table legend: (Time is in decaauts)
 A = Elapsed time spent in this place.
 B = Non-inter-level travel time spent in this place.
 C = Inter-level travel time spent in this place.
 D = Time resting spent in this place.
 E = Time spent auto-exploring this place.
 F = Levels seen in this place.
 G = Mean time per level.
                   A        B        C        D        E       F      G
               +--------+--------+--------+--------+--------+-----+--------+
         Total |  18400 |  16856 |   1544 |   2962 |   8548 |  19 |  968.4 |
       Dungeon |  12389 |  11368 |   1021 |   1441 |   6703 |  12 | 1032.4 |
        Temple |     16 |     16 |      0 |      0 |     11 |   1 |   16.0 |
          Lair |   4928 |   4405 |    523 |   1217 |   1812 |   4 | 1232.0 |
        Bailey |    344 |    344 |      0 |     39 |      0 |   1 |  344.0 |
      Gauntlet |    721 |    721 |      0 |    265 |     22 |   1 |  721.0 |
               +--------+--------+--------+--------+--------+-----+--------+

Top non-repeatable levels by time:
  Lair:1: 1983 daAuts
    D:10: 1856 daAuts
  Lair:2: 1637 daAuts
    D:11: 1560 daAuts
     D:3: 1261 daAuts
     D:5: 1244 daAuts
  Lair:3: 1165 daAuts
     D:9: 1152 daAuts
     D:1: 1110 daAuts
     D:4: 992 daAuts
     D:8: 969 daAuts
     D:6: 896 daAuts
Gauntlet: 721 daAuts
     D:7: 700 daAuts
     D:2: 642 daAuts
